[Event "*** Titled Tuesday Blitz"]
[Site "Chess.com"]
[Date "2020.10.27"]
[Round "7"]
[White "Msb2"]
[Black "Funo09"]
[Result "0-1"]
[WhiteElo "2908"]
[BlackElo "2811"]
[TimeControl "180+1"]
[EndTime "11:20:04 PDT"]
[Termination "Funo09 won by checkmate"]

1. d4 Nf6 2. Nf3 g6 3. Nc3 d5 4.
Bf4 Bg7 5. Nb5 Na6 6. e3 O-O 7. h3 c6 8. Nc3 Nc7 9. Bd3 a5 10. a4 Na6 11. O-O Nb4 12. Be2 Bf5 13. Ne1 Re8 14.
Nb1 Qb6 15. Nd2 Nd7 16. c3 Na6 17. Qb3 Qa7 18. g4 e5 19. dxe5 Be6 20. Nef3 d4 21. Bc4 Nac5 22. Qa2 dxe3 23. fxe3 Nd3 24. Kh1 N7xe5 25.
Bxe6 Rxe6 26. Nd4 Re7 27. Ne4 Nxf4 28. exf4 Nxg4 29. Rae1 Nh6 30. f5 Bxd4 31. fxg6 hxg6 32. cxd4 Kg7 33. Nc5 Rae8 34. Rxe7 Rxe7 35. Qc4 Qb8 36. Qc3 Kg8 37. Qf3 Nf5 38. Ne4 Rxe4 39. Rg1 Re3 40.
Qxf5 Qe8 41. Qg4 Qe4+ 42. Qxe4 Rxe4 43. d5 cxd5 44. Rc1 Rxa4 45. Rc7 Rb4 46. Rd7 Rxb2 47. Rxd5 b5 48. h4 a4 49. h5 gxh5 50. Rd8+ Kg7 51.
Ra8 h4 52. Ra7 Rb3 53. Ra6 a3 54. Kg2 b4 55. Ra5 Rb2+ 56. Kh3 a2 57. Rg5+ Kf6 58. Ra5 b3 59. Ra6+ Kg7 60. Ra5 Rb1 61. Ra4 a1=Q 62. Rg4+ Kf8 63. Rf4 Rh1+ 64. Kg4 Qg1+ 65. Kh5 Qc5+ 66. Kh6 Qd6+ 67. Kh7 Qxf4 68. Kh8 Qh6# 0-1

[Event "*** Titled Tuesday Blitz"]
[Site "Chess.com"]
[Date "2020.10.27"]
[Round "7"]
[White "KaterynaLagno"]
[Black "Skatchkov_V"]
[Result "0-1"]
[WhiteElo "2664"]
[BlackElo "2484"]
[TimeControl "180+1"]
[EndTime "11:20:05 PDT"]
[Termination "Skatchkov_V won by resignation"]

1. e4 e5 2. Nf3 d5 3. Nxe5 Bd6 4.
d4 dxe4 5. Nc3 Bxe5 6. dxe5 Qxd1+ 7. Kxd1 Bf5 8. Bf4 Nc6 9. Bc4 Nge7 10. Re1 Ng6 11. Bg3 Ngxe5 12. Bb3 O-O-O+ 13. Kc1 Rd4 14. a3 Rhd8 15. Kb1 f6 16. Ka2 Nc4 17. Ne2 Nd2 18. Nxd4 Nxd4 19. Rac1 a5 20. Bf7 Rd7 21. Bf4 Rxf7 22.
Bxd2 Nxc2 23. Red1 Be6+ 24. Kb1 Nd4 25. Be3 Nc6 26. h4 f5 27. g3 g6 28. Bc5 Bb3 29. Rd2 a4 30. Be3 Ne5 31. Bf4 Nc4 32. Rc3 Nxd2+ 33.
Bxd2 Rd7 34. Kc1 c6 35. Rc5 Rf7 36. Re5 Kd7 37. Bf4 h6 38. Kd2 Rh7 39. Kc3 b6 40. Kb4 Bd5 41. Be3 Kd6 42. Bf4 g5 43. hxg5 hxg5 44.
Rxf5+ gxf4 45. Rxf4 b5 46. Rf6+ Ke5 47. Rf8 Rh2 48.
Kc5 e3 49. f4+ Ke4 50. Re8+ Kd3 51. f5 e2 52. f6 Rh1 53. f7 Bxf7 54. Rd8+ Bd5 55.
Re8 e1=Q 0-1

[Event "*** Titled Tuesday Blitz"]
[Site "Chess.com"]
[Date "2020.10.27"]
[Round "7"]
[White "chessmachine14"]
[Black "venus02"]
[Result "0-1"]
[WhiteElo "2345"]
[BlackElo "2513"]
[TimeControl "180+1"]
[EndTime "11:20:05 PDT"]
[Termination "venus02 won on time"]

1. e4 c5 2. Nf3 d6 3. d4 cxd4 4.
Nxd4 Nf6 5. Nc3 a6 6. Be3 e5 7.
Nb3 Be6 8. f3 Be7 9. Qd2 h5 10. a4 Nbd7 11. a5 Rc8 12. Be2 O-O 13. O-O Nb8 14. Rfd1 Nc6 15. Bb6 Qe8 16. Nd5 Bxd5 17. exd5 Nb8 18. c4 Nbd7 19. Bf2 Nh7 20. Bd3 f5 21. Re1 Qf7 22. Be2 Rfd8 23. f4 g5 24. Qd1 g4 25. fxe5 Nxe5 26. Nd4 Ng5 27.
Qb1 Ne4 28. Ne6 Re8 29. Bd4 Bf6 30. Bd3 Nd2 31. Qc2 Ndf3+ 32. gxf3 Nxf3+ 33. Kh1 Bxd4 34. Bxf5 Qf6 35. Re2 Rb8 36. Rf1 Re7 37. Rg2 Kh8 38. Rxg4 hxg4 39. Bxg4 Rh7 40. Rxf3 Qe5 41. Rf1 Rg8 42.
Bf5 Rh5 43. Nxd4 Qxd4 44. Qe2 Qh4 45. Be6 Rd8 46. Qg2 Rh7 47. h3 Rg7 48. Qf3 Qh6 49. Qf5 Re8 0-1

[Event "*** Titled Tuesday Blitz"]
[Site "Chess.com"]
[Date "2020.10.27"]
[Round "7"]
[White "MarkEvgenievich"]
[Black "keepitcoming"]
[Result "1/2-1/2"]
[WhiteElo "2317"]
[BlackElo "2539"]
[TimeControl "180+1"]
[EndTime "11:20:08 PDT"]
[Termination "Game drawn - insufficient material"]

1. d4 d5 2. c4 e6 3. Nc3 c5 4. cxd5 exd5 5. Nf3 Nc6 6. g3 Nf6 7. Bg2 Be7 8. O-O O-O 9. Bg5 c4 10. Ne5 Be6 11. b3 Qa5 12. Qd2 Bb4 13. Bxf6 gxf6 14.
Nxc6 bxc6 15. Rfc1 Rfc8 16. bxc4 dxc4 17. a3 Bxc3 18.
Qxc3 Qxc3 19. Rxc3 Rab8 20. e3 Kf8 21. Bf1 c5 22. d5 Bxd5 23. Bxc4 Bxc4 24. Rxc4 Rb3 25. a4 Rb4 26. Rac1 a5 27. Rxc5 Rxc5 28. Rxc5 Rxa4 29.
Rc7 Kg7 30. h4 f5 31. Kg2 Ra2 32. Rc5 Kf6 33. Rc6+ Kg7 34. Rc5 Kf6 35. Rc6+ Kg7 36. Ra6 a4 37. Kf3 a3 38. h5 h6 39. Kg2 Ra1 40.
Kf3 Ra2 41. Kg2 Ra1 42. Ra5 Kf6 43. Ra6+ Kg5 44. Ra5 Kg4 45. f3+ Kxh5 46. Rxf5+ Kg6 47. Ra5 Kf6 48. e4 a2 49. f4 Kg6 50. Kh2 h5 51.
Rg5+ Kf6 52. Ra5 Kg6 53. Kg2 Kg7 54. Ra6 Kh7 55. e5 Kg7 56. Kh2 h4 57. gxh4 Kh7 58. Kg2 Kg7 59. h5 Kh7 60. h6 Kg8 61. f5 Kh7 62. e6 fxe6 63. fxe6 Re1 64. Rxa2 Rxe6 65.
Rf2 Kxh6 66. Rf3 Rg6+ 67. Rg3 Rxg3+ 68. Kxg3 1/2-1/2

[Event "*** Titled Tuesday Blitz"]
[Site "Chess.com"]
[Date "2020.10.27"]
[Round "7"]
[White "Chessmatus"]
[Black "Akhayan"]
[Result "1-0"]
[WhiteElo "2404"]
[BlackElo "2265"]
[TimeControl "180+1"]
[EndTime "11:20:08 PDT"]
[Termination "Chessmatus won on time"]

1. e4 e6 2. d4 d5 3. e5 c5 4. c3 Qb6 5. Nf3 Nc6 6. a3 cxd4 7.
cxd4 Nh6 8. Bd3 Bd7 9. Bc2 Nf5 10. Bxf5 exf5 11. Nc3 Be6 12. O-O Be7 13. b4 O-O 14.
Qd3 Rac8 15. Bd2 Rfd8 16. Rfc1 g6 17. Na4 Qa6 18. Qxa6 bxa6 19. Nc5 Bxc5 20. Rxc5 Ne7 21. Rac1 Rxc5 22. Rxc5 Rc8 23. a4 Kf8 24. b5 axb5 25. axb5 Ke8 26. Ng5 Bd7 27. Nxh7 Rxc5 28. dxc5 Bxb5 29.
Nf6+ Kd8 30. Ba5+ Kc8 31. f3 Nc6 32. Bc3 d4 33. Bb2 Nxe5 34. Bxd4 Nc6 35. Bc3 a5 36. g4 fxg4 37. fxg4 a4 38. h4 a3 39. Kf2 a2 40.
Ke3 Nb4 41. h5 gxh5 42. gxh5 Ba4 43. h6 Bc2 44. Ne4 Nd5+ 45. Kd4 Bxe4 46. Ba1 Bg6 47. Kxd5 Kd7 48. c6+ Kc8 49. Be5 Bh7 50. Kd6 Bg6 51. Ke7 Be4 52. Kf6 Bd3 53. Kg7 Be4 54. Kxf7 Bf5 55.
Kf6 1-0

[Event "*** Titled Tuesday Blitz"]
[Site "Chess.com"]
[Date "2020.10.27"]
[Round "7"]
[White "azikom"]
[Black "reniite"]
[Result "1-0"]
[WhiteElo "2556"]
[BlackElo "1935"]
[TimeControl "180+1"]
[EndTime "11:20:08 PDT"]
[Termination "azikom won by resignation"]

1. e4 e5 2. Nc3 Nf6 3. Nf3 Nc6 4. Bb5 Bb4 5. d3 Nd4 6. Bc4 d5 7. exd5 Bg4 8. Bd2 Bxf3 9. gxf3 Bxc3 10. bxc3 Nf5 11. Bg5 Qd6 12. Bxf6 Qxf6 13. Qe2 O-O-O 14. O-O-O Nh4 15. Bb3 Nxf3 16. Kb2 a5 17. a3 a4 18. Ba2 Rd6 19. Qe4 b5 20. h4 g5 21. hxg5 Nxg5 22.
Qg4+ Kb7 23. Rdg1 h6 24. Qb4 Rb6 25. Rg2 Re8 26. Qh4 e4 27. d4 e3 28. fxe3 Rxe3 29. Rf2 Qg6 30. Qf4 Qe4 31. Qxe4 Nxe4 32. Rxf7 Nxc3 33. Rh7 Nxa2 34. Kxa2 Rc3 35. Kb2 Rc4 36. c3 b4 37. axb4 Ka6 38. R7xh6 Kb5 39. Rxb6+ cxb6 40. d6 Rc6 41. d7 Rd6 42. Rh7 Kc4 43. Rh6 Rxd7 44.
Rxb6 Rh7 45. Rc6+ Kd3 46. Ka3 Ra7 47. b5 Ra5 48. Rc5 Kc2 49. b6 Ra6 50. Rc6 Kd3 51. d5 Ra8 52. d6 Ke4 53. c4 Ke5 54. c5 Kd5 55. Rc7 Ra5 56. b7 Rb5 57. Kxa4 1-0

[Event "*** Titled Tuesday Blitz"]
[Site "Chess.com"]
[Date "2020.10.27"]
[Round "7"]
[White "Volodar_Murzin"]
[Black "Anton_Demchenko"]
[Result "0-1"]
[WhiteElo "2613"]
[BlackElo "2847"]
[TimeControl "180+1"]
[EndTime "11:20:09 PDT"]
[Termination "Anton_Demchenko won on time"]

1. e4 e5 2. Nf3 Nc6 3. Bb5 a6 4. Ba4 d6 5. c3 Bd7 6. O-O g6 7.
h3 Bg7 8. Re1 Nge7 9. d4 O-O 10.
Bc2 h6 11. d5 Nb8 12. c4 a5 13. Nc3 Na6 14. a3 f5 15. Bd2 f4 16. Nh2 g5 17.
Qe2 Kh8 18. Bd1 Ng8 19. Qf1 Nf6 20. Ng4 Qe8 21. Nxf6 Bxf6 22. Bf3 Nc5 23. Rad1 Nb3 24.
Nb5 Bd8 25. Bc3 a4 26. Qe2 Nc5 27. Rd2 Kh7 28. Rdd1 b6 29. Kf1 Qe7 30. Bh5 Be8 31. Qf3 Qg7 32. Bxe8 Rxe8 33. Qh5 Rf8 34. Bb4 Nd7 35.
Qf3 Qg6 36. Ke2 Nf6 37. Kd2 h5 38. Qd3 Kg7 39. Kc2 Nd7 40. Nc3 Rh8 41. Rh1 Nf6 42.
f3 Be7 43. Rdf1 Qe8 44. Nb5 Qd7 45. Qe2 Kf7 46. Nc3 Qe8 47. Kb1 Qd7 48. Nb5 g4 49.
hxg4 hxg4 50. fxg4 Rxh1 51. Rxh1 Rg8 52. g5 Rxg5 53.
Bd2 Bd8 54. g4 Qxg4 55. Qh2 Qg2 56. Qh8 Rg8 0-1

[Event "*** Titled Tuesday Blitz"]
[Site "Chess.com"]
[Date "2020.10.27"]
[Round "7"]
[White "RamyresCoelho"]
[Black "Samantha_Ross"]
[Result "0-1"]
[WhiteElo "2084"]
[BlackElo "2309"]
[TimeControl "180+1"]
[EndTime "11:20:09 PDT"]
[Termination "Samantha_Ross won by checkmate"]

1. e4 c5 2. Nf3 d6 3. d4 cxd4 4. Nxd4 Nf6 5. Nc3 g6 6. f4 Bg7 7. e5 Nfd7 8. e6 Nf6 9. exf7+ Kxf7 10.
Bc4+ d5 11. Bb3 Nc6 12. Nxc6 bxc6 13. O-O Qb6+ 14. Kh1 Bg4 15. Qe1 Rhe8 16. h3 Bd7 17. Na4 Qb5 18. Be3 Nh5 19. g4 Qxf1+ 20. Qxf1 Ng3+ 21.
Kg2 Nxf1 22. Kxf1 e5 23. Nc5 Bc8 24. Kg1 exf4 25. Bxf4 Bd4+ 26. Kg2 Bxc5 27. Rf1 Kg8 28. Bh6 Be6 29. Ba4 Rac8 30. a3 d4 31. b4 Bd5+ 32. Kg3 Bd6+ 33. Kh4 Rf8 34. Bxf8 Rxf8 35. Rxf8+ Kxf8 36. Kg5 Kg7 37. Kh4 h6 38. g5 Bf4 39.
gxh6+ Kxh6 40. Kg4 Bc1 41. b5 cxb5 42. Bxb5 Bxa3 43. Bd3 Bc1 44. h4 a5 45. Bb5 Be4 46.
Ba4 Be3 47. Bb3 Bc6 48. Kg3 a4 49. Ba2 Be4 50. Bb1 a3 51. Kg4 Bxc2 52. Ba2 d3 53. Kf3 Bc5 54. h5 gxh5 55. Be6 d2 56. Kg3 d1=Q 57. Kh2 Qg1+ 58. Kh3 Bd3 59. Bf5 Bf1+ 60. Kh4 Be7# 0-1

[Event "*** Titled Tuesday Blitz"]
[Site "Chess.com"]
[Date "2020.10.27"]
[Round "7"]
[White "Fighter008"]
[Black "scarabee43"]
[Result "0-1"]
[WhiteElo "2674"]
[BlackElo "2559"]
[TimeControl "180+1"]
[EndTime "11:20:19 PDT"]
[Termination "scarabee43 won by resignation"]

1. e4 c5 2. Nf3 e6 3. d4 cxd4 4. Nxd4 Nc6 5. Nc3 Qc7 6. Be3 a6 7. Qf3 Nf6 8. O-O-O Be7 9. h3 d6 10. g4 Nxd4 11. Bxd4 e5 12. Be3 Be6 13. g5 Nd7 14.
Kb1 Rc8 15. Bd2 b5 16. Bd3 Nc5 17. h4 Qd7 18. Rhg1 b4 19. Nd5 Bxd5 20. exd5 Nxd3 21. Qxd3 a5 22. f4 O-O 23. f5 Bd8 24. h5 a4 25.
Bxb4 Bb6 26. Rg2 Bc5 27. Bxc5 Rxc5 28. g6 fxg6 29. fxg6 h6 30. Qe4 Qb5 31. a3 Rc4 32. Qe3 Rb8 33. c3 Qb3 34. Rf1 Rxc3 35. Qf2 Rcc8 36.
Qf7+ Kh8 37. Rgf2 Qd3+ 38. Ka1 Rg8 39. Qe6 e4 40. Re1 Qd4 41. Rfe2 Rb3 42. Qxe4 Rxa3+ 43. Kb1 Qxe4+ 44. Rxe4 Rd3 45. Re8 Rd1+ 46. Kc2 Rxe1 47. Rxe1 Rc8+ 48. Kb1 Kg8 49. Re6 Rd8 50. Ka2 Kf8 51.
Ka3 Rb8 52. Rxd6 Rb3+ 53. Ka2 Rh3 54. Rd8+ Ke7 55. Rg8 Kf6 56. d6 Rd3 57. Rd8 Kg5 58.
Rd7 Kxh5 59. Rxg7 Rxd6 60. Ka3 Rxg6 61. Rxg6 Kxg6 62. Kxa4 h5 63. b4 h4 64. b5 h3 65. b6 h2 66. b7 h1=Q 67. b8=Q Qa1+ 0-1

[Event "*** Titled Tuesday Blitz"]
[Site "Chess.com"]
[Date "2020.10.27"]
[Round "7"]
[White "Quattroporte300"]
[Black "akanga001"]
[Result "0-1"]
[WhiteElo "2227"]
[BlackElo "1913"]
[TimeControl "180+1"]
[EndTime "11:20:27 PDT"]
[Termination "akanga001 won by resignation"]

1. d4 d5 2. c4 e6 3. Nc3 Nf6 4. cxd5 exd5 5. Bg5 c6 6. e3 Be7 7. Bd3 Na6 8. Nge2 Nc7 9. Qc2 g6 10. a3 O-O 11. O-O Ne6 12. Bh6 Ng7 13. f3 Kh8 14.
Rf2 Ng8 15. Bf4 a5 16. Re1 Bf5 17. Ng3 Bxd3 18. Qxd3 h5 19. Nf1 g5 20. Be5 f6 21.
Bg3 h4 22. Bxh4 gxh4 23. e4 Qd7 24. e5 Qf5 25. Qd2 fxe5 26. Rxe5 Qg6 27. Rfe2 Bf6 28. R5e3 Bg5 29. Qd3 Bxe3+ 30. Qxe3 Rae8 31. Qf2 Rxe2 32. Qxh4+ Qh6 33. Qxh6+ Nxh6 34. Nxe2 Re8 35. Kf2 Ngf5 36.
Nd2 Ne3 37. Nc3 Nc4 38. Nb3 Nxb2 39. Nc5 b6 40. Nd7 Nd3+ 41. Kg3 Nf5+ 42. Kg4 Ne3+ 43. Kg5 Rg8+ 44. Kf6 Nxg2 45. Nxb6 Nh4 46. Nd7 Nxf3 47. Ke6 Nxh2 48. Kd6 Rg6+ 49. Kc7 Nf3 50. Ne2 Nb2 51. Nf8 Rg2 52. Nf4 Rg4 53. Kxc6 Nxd4+ 54. Kxd5 Nb3 55. N8g6+ Kg7 56. Ke4 Rxg6 57. Nxg6 Kxg6 58. Ke3 Kf6 59. Ke2 Ke6 60. Ke3 Kd5 61. a4 Kc4 62. Ke2 Kc3 63. Ke3 Kc2 64. Ke2 Nxa4 65. Ke3 Nc3 0-1

[Event "*** Titled Tuesday Blitz"]
[Site "Chess.com"]
[Date "2020.10.27"]
[Round "7"]
[White "Rakesh"]
[Black "sokidze"]
[Result "1-0"]
[WhiteElo "2464"]
[BlackElo "2600"]
[TimeControl "180+1"]
[EndTime "11:20:41 PDT"]
[Termination "Rakesh won on time"]

1. e4 c6 2. c4 d5 3. cxd5 cxd5 4. exd5 Nf6 5. Qa4+ Nbd7 6. Nc3 g6 7. Bc4 Bg7 8. Nf3 O-O 9. d3 a6 10. Qa3 b6 11. O-O Bb7 12. Re1 Re8 13. Ng5 b5 14. Bb3 Nb6 15. d6 e6 16. Nge4 Nxe4 17.
dxe4 Be5 18. Qc5 Qxd6 19. Qxd6 Bxd6 20. Be3 Nc4 21. Bxc4 bxc4 22. Rad1 Bb4 23. f3 Rad8 24. Bb6 Rxd1 25. Rxd1 Bxc3 26. bxc3 Bc6 27. Kf2 Rb8 28. Rd8+ Rxd8 29. Bxd8 Kf8 30. Ke3 e5 31. Bf6 Ke8 32. Bxe5 Kd7 33. Kd4 Bb5 34. Kc5 Ke6 35. Bd4 f5 36.
exf5+ gxf5 37. Kb4 Kd5 38. h4 h5 39. Ka5 Kd6 40.
Kb6 Kd5 41. Ka5 Kd6 42. Kb4 Kd5 43. a3 Bc6 44. Ka5 Bb5 45. Be3 Kd6 46. Bg5 Kd5 47.
Bf4 Kc5 48. Be3+ Kd5 49. Kb4 Bc6 50. Bf4 Bb5 51. Bb8 Bc6 52. Ba7 Bb5 53. Bd4 Bc6 54.
a4 Bd7 55. Ba7 Bc6 56. Ka5 Bd7 57. Be3 Bc6 58. Kb4 Bd7 59. Bd4 Bc6 60. Ka5 Bd7 61. g4 fxg4 62. fxg4 hxg4 63. h5 Kc6 64. h6 Bf5 65. Kxa6 g3 66. Ka5 g2 67. Kb4 Bd3 68.
a5 Kb7 69. Kb5 Ka8 70. Kb6 Be4 71. Kc5 Bd3 72. Kd6 Kb7 73. Ke5 Ka6 74. Bb6 g1=Q 75.
Bxg1 Kxa5 76. Kf6 Ka4 77. Kg7 Ka3 78. Bd4 Kb3 79. h7 Bxh7 80. Kxh7 1-0

[Event "*** Titled Tuesday Blitz"]
[Site "Chess.com"]
[Date "2020.10.27"]
[Round "7"]
[White "Alexsur1981"]
[Black "Beca95"]
[Result "0-1"]
[WhiteElo "2766"]
[BlackElo "2918"]
[TimeControl "180+1"]
[EndTime "11:20:44 PDT"]
[Termination "Beca95 won by checkmate"]

1. e4 c5 2. Nc3 d6 3. f4 g6 4. d4 Bg7 5. dxc5 Nf6 6. cxd6 exd6 7. Nf3 O-O 8. Bd3 Nbd7 9. O-O Nc5 10. Kh1 Re8 11.
Bb5 Bd7 12. Bxd7 Qxd7 13. e5 dxe5 14. fxe5 Qxd1 15. Rxd1 Ng4 16. Rd5 Rac8 17. Bf4 Ne6 18. Bg3 Ne3 19. Rd7 Nc5 20. Rd2 Nc4 21. Re2 Nxb2 22.
h3 Nc4 23. Rae1 Rcd8 24. Bf2 Nd7 25. Bh4 Rb8 26. Bg3 Rbc8 27. Nb5 a6 28. Nd6 Nxd6 29.
exd6 Rxe2 30. Rxe2 Bf8 31. Kh2 f6 32. Rd2 Kf7 33.
Rf2 Rc5 34. h4 h6 35. Rd2 b5 36.
Kg1 g5 37. hxg5 hxg5 38. Kf1 g4 39. Nd4 Rd5 40. Nb3 Rxd2 41. Nxd2 Ke6 42. Ne4 f5 43. Ng5+ Kd5 44. Nf7 Bg7 45. Ke2 Bf6 46. Bf4 Ke6 47. Nh6 Bg7 48. Ke3 Nb6 49. Ke2 Nd5 50. Bd2 Bxh6 51. Bxh6 Kxd6 52. Kd2 Ke5 53. a3 Ke4 54. Bg7 f4 55. Ke2 Ne3 56. Kf2 Nxc2 57. Bf8 Ne3 58. g3 Nf5 59. gxf4 Kxf4 60. Kg2 Ke4 61. Kf2 Kd3 62. Kg2 Kc4 63. Kf2 Kb3 64.
Ke2 a5 65. Kd3 a4 66. Ke4 g3 67.
Kf3 Nd4+ 68. Kxg3 Nc2 69. Kf3 Nxa3 70. Ke2 Nc2 71. Kd2 a3 72. Kc1 a2 73. Bg7 b4 74.
Bb2 a1=Q+ 75. Bxa1 Nxa1 76. Kb1 Nc2 77. Kc1 Kc3 78.
Kb1 b3 79. Kc1 b2+ 80. Kb1 Na3+ 81. Ka2 b1=Q+ 82. Kxa3 Qb3# 0-1

[Event "*** Titled Tuesday Blitz"]
[Site "Chess.com"]
[Date "2020.10.27"]
[Round "7"]
[White "SergeyShtyka"]
[Black "UCantHandleDenker"]
[Result "1/2-1/2"]
[WhiteElo "2346"]
[BlackElo "2501"]
[TimeControl "180+1"]
[EndTime "11:20:59 PDT"]
[Termination "Game drawn - insufficient material"]

1. e4 c5 2. Nf3 d6 3. d4 cxd4 4. Nxd4 Nf6 5. Nc3 g6 6. f4 Bg7 7. e5 Nh5 8. Bb5+ Bd7 9. exd6 O-O 10. O-O exd6 11. Bxd7 Nxd7 12. f5 Ne5 13. Nd5 Re8 14. g4 Nc6 15. Nf3 Nf6 16. Bg5 h6 17. fxg6 fxg6 18.
Nxf6+ Bxf6 19. Bxh6 Qb6+ 20. Kh1 Qb4 21. Bg5 Bg7 22.
Qd5+ Kh7 23. h3 Qe4 24. Qxe4 Rxe4 25. Rae1 Rae8 26. c3 Kg8 27. Kg2 b5 28. Rxe4 Rxe4 29. Re1 Ra4 30. a3 a5 31. Nd2 b4 32. cxb4 axb4 33. Re4 d5 34. Re6 Nd4 35. Rd6 bxa3 36. bxa3 Rxa3 37. Rxd5 Ra2 38. Kg3 Ne2+ 39. Kf2 Nc3 40.
Rd8+ Kf7 41. Kg3 Be5+ 42. Kf3 Ra3 43. Kg2 Ra2 44. Kf3 Ra3 45. Rd3 Ke6 46. Ne4 Kf7 47. Nxc3 Rxc3 48. Rxc3 Bxc3 49. Ke4 Bg7 50. Kd5 Bf8 51.
Bh4 Bg7 52. Bg3 Bf8 53. Bf4 Bg7 54. Ke4 Bf8 55. Be3 Be7 56. Bd2 Bd8 57. Bc1 Be7 58. Bb2 Bd8 59. Ba3 Bf6 60. Bc5 Bg5 61. Be3 Bh4 62. Bf4 Be7 63. Bg3 Bg5 64. Bf2 Be7 65.
Bd4 Bg5 66. Kf3 Be7 67. Bc3 Bd6 68. Ke4 Be7 69. Bd2 Bd8 70. Be1 Be7 71. h4 Bd8 72. Bf2 Be7 73. Bg3 Bf6 74. Kd5 Be7 75. Kc6 Bd8 76. Kd7 Be7 77. h5 gxh5 78. gxh5 Bg5 79. Kd6 Kg7 80. Ke6 Kh6 81. Kf5 Kxh5 1/2-1/2

[Event "*** Titled Tuesday Blitz"]
[Site "Chess.com"]
[Date "2020.10.27"]
[Round "7"]
[White "vova-79"]
[Black "NotFischer"]
[Result "1-0"]
[WhiteElo "2487"]
[BlackElo "2114"]
[TimeControl "180+1"]
[EndTime "11:21:09 PDT"]
[Termination "vova-79 won by resignation"]

1. d4 Nf6 2. c4 e6 3. Nc3 d5 4. Nf3 Nbd7 5. cxd5 exd5 6. Bf4 c6 7. e3 Be7 8. Bd3 O-O 9. Qc2 Re8 10. O-O Bf8 11.
Rab1 g6 12. h3 Bg7 13. b4 a6 14. a4 Nf8 15. b5 axb5 16. axb5 Ne6 17. Be5 Nd7 18. Bg3 Nf6 19. bxc6 bxc6 20. Rfc1 c5 21. Bb5 Bd7 22. dxc5 Nxc5 23. Nxd5 Bxb5 24. Nxf6+ Bxf6 25. Qxc5 Bd3 26. Rd1 Bxb1 27. Rxd8 Raxd8 28. Qb6 Rd1+ 29. Kh2 Re6 30. Qb3 Rc1 31. Bf4 Be4 32. Bh6 Re8 33. Qb6 Bh8 34. Ng5 Rcc8 35. Nxe4 Rxe4 36. f3 Re6 37.
Qb7 Rce8 38. h4 Bg7 39. Bg5 h6 40. Bf4 Be5 41. Bxe5 Rxe5 42. e4 Kg7 43. Kh3 R8e7 44. Qb2 h5 45. f4 f6 46. fxe5 Rxe5 47. Qd4 Kf7 48. Kg3 Re7 49. Kf3 Re5 50. Qd7+ Re7 51. Qd5+ Kf8 52. Qd6 Kf7 53. Qb8 Re8 54. Qb3+ Kf8 55.
Kf4 Re7 56. Qb4 Kf7 57. Qd6 Re6 58. Qd5 Ke7 59. Qa8 Re5 60. Qh8 g5+ 61. hxg5 Rxg5 62.
g3 Kf7 63. Qh7+ Ke6 64. Qh6 Kf7 65. Qh7+ Ke6 66. Kf3 Re5 67. Qg6 Rg5 68. Qe8+ Kd6 69. Qf7 Ke5 70. Qe7+ Kd4 71. Qxf6+ Re5 72. Kf4 Kd3 73.
Qxe5 Ke2 74. Qxh5+ Kf2 75. e5 Kg2 76. g4 Kf2 77. g5 Ke1 78. g6 1-0

[Event "*** Titled Tuesday Blitz"]
[Site "Chess.com"]
[Date "2020.10.27"]
[Round "7"]
[White "Ze-Pequeno"]
[Black "Th3_Hound"]
[Result "1/2-1/2"]
[WhiteElo "2328"]
[BlackElo "2497"]
[TimeControl "180+1"]
[EndTime "11:21:18 PDT"]
[Termination "Game drawn by repetition"]

1. e4 e5 2. Nf3 Nc6 3. Nc3 Nf6 4. d4 exd4 5. Nxd4 Bb4 6. Nxc6 bxc6 7.
Bd3 d5 8. exd5 cxd5 9. O-O O-O 10.
Bg5 c6 11. Qf3 Bd6 12. h3 Rb8 13. b3 Be5 14. Bd2 Re8 15. Rfe1 Rb7 16. Rad1 Rbe7 17. Na4 Qd6 18. Be3 d4 19. Bd2 c5 20. Nb2 Bb7 21. Qf5 Qc6 22. f3 Bc8 23. Qg5 h6 24. Qh4 Nd5 25.
Nc4 Bf6 26. Qf2 Ba6 27. Rxe7 Rxe7 28. Re1 Bxc4 29. Bxc4 Ne3 30. Bd3 Qe8 31. Be4 Be5 32. Kh1 f5 33. Bd3 Bd6 34. f4 Kh8 35. Qf3 Qb8 36.
g3 Qe8 37. Bxe3 dxe3 38. Bxf5 e2 39. Bd3 Re3 40. Rxe2 Rxe2 41. Qxe2 Qd7 42. Qe4 Qxh3+ 43. Kg1 Qxg3+ 44. Kf1 Qxf4+ 45. Qxf4 Bxf4 46. Kg2 g5 47. Kf3 Kg7 48. Kg4 Kf6 49. a4 Ke5 50. Bh7 Kd4 51. Bg6 Kc3 52. Bf5 Be5 53. Bg6 a5 54. Bf5 c4 55.
bxc4 Kxc4 56. Kh5 Bg7 57. Kg4 Kc3 58. Kh5 Bf8 59. Kg4 Bc5 60. Kh5 Be3 61. Kg4 Kd2 62. Kh5 Ke2 63. Kg4 Kf2 64. Be4 Ke2 65. Bf5 Bc5 66.
Bg6 Ke3 67. Bf5 Kd4 68. Bg6 Ke5 69. Bd3 Be7 70. Bh7 h5+ 71. Kxh5 Kf4 72. Bg8 g4 73. Bd5 g3 74. Bg2 Bd8 75. Bh1 Ke3 76. Kg4 Kf2 77.
Kh3 Bc7 78. Bg2 Bd6 79. Bc6 Ke1 80. Bg2 Kd2 81. Bc6 Kxc2 82. Kg2 Kd2 83. Bb5 Ke3 84. Be8 Kd4 85. Bd7 Kc3 86. Be8 Kb4 87. Bb5 Kc3 88.
Be8 Kb4 89. Bb5 Kc3 90. Be8 1/2-1/2

[Event "*** Titled Tuesday Blitz"]
[Site "Chess.com"]
[Date "2020.10.27"]
[Round "7"]
[White "ArjunErigaisi2003"]
[Black "GigaQuparadze"]
[Result "1/2-1/2"]
[WhiteElo "2996"]
[BlackElo "2839"]
[TimeControl "180+1"]
[EndTime "11:21:25 PDT"]
[Termination "Game drawn by repetition"]

1. d4 Nf6 2. c4 e6 3. Nc3 Bb4 4. Nf3 b6 5. Bg5 Bb7 6. Qc2 h6 7. Bh4 g5 8. Bg3 Ne4 9. e3 d6 10. Bd3 Bxc3+ 11. bxc3 f5 12. d5 Na6 13. Nd4 Nac5 14.
dxe6 Qf6 15. f3 Nxd3+ 16. Qxd3 Nxg3 17. hxg3 Rf8 18. c5 dxc5 19. Nb5 Rd8 20. Qc4 c6 21.
Nxa7 Qe5 22. Kf1 Rf6 23. Re1 Rxe6 24. f4 Qd5 25. Qxd5 Rxd5 26. fxg5 Ba6+ 27. Kg1 hxg5 28. Rh8+ Kf7 29. Rh7+ Kg6 30. Rc7 Rdd6 31. a4 g4 32. Rb1 Kg5 33. Re1 Bd3 34. Nc8 Rd8 35. Nxb6 Be4 36.
Rd7 Rd6 37. Rxd6 Rxd6 38. Re2 Rd1+ 39. Kh2 Rb1 40. a5 Ra1 41. Rb2 Rxa5 42. c4 Ra3 43. Nd7 Rxe3 44. Nxc5 Rc3 45. Rb4 Kf6 46. Nd7+ Ke6 47. Nc5+ Kd6 48. Nb7+ Ke5 49. Rb2 Rxc4 50. Na5 Rc5 51. Nb7 Rc2 52. Rxc2 Bxc2 53. Kg1 Kd4 54. Kf2 c5 55. Nd6 c4 56. Ke2 Bd3+ 57. Ke1 c3 58. Kd1 Be4 59. Ke2 Kc5 60. Ne8 Kc4 61. Nd6+ Kb3 62. Kd1 Kb2 63. Nc4+ Kb1 64. Na3+ Ka2 65. Nc4 Bxg2 66. Kc2 Bd5 67. Ne3 Be6 68.
Kxc3 Kb1 69. Kd4 Kc1 70. Ke5 Bc8 71. Nxf5 Kd2 72. Kf4 Ke2 73. Ne3 Kf2 74. Nxg4+ Kg2 75. Ne3+ Kh3 76. Nc4 Be6 77. Ne5 Bc8 78. Nf7 Bd7 79.
Ng5+ Kg2 80. Ne4 Kh3 81. Nf2+ Kg2 82. Nd3 Kh3 83. Ne5 Bc8 84. Nc4 Kg2 85. Nd6 Bd7 86. Nf7 Bc8 87. Ne5 Kh3 1/2-1/2

[Event "*** Titled Tuesday Blitz"]
[Site "Chess.com"]
[Date "2020.10.27"]
[Round "7"]
[White "zmeeed67"]
[Black "shineatchess"]
[Result "1-0"]
[WhiteElo "2358"]
[BlackElo "2185"]
[TimeControl "180+1"]
[EndTime "11:21:39 PDT"]
[Termination "zmeeed67 won by resignation"]

1. e4 Nf6 2. Nc3 d5 3. exd5 Nxd5 4. Nf3 Bg4 5. Be2 Nc6 6. h3 Bh5 7. d3 e6 8. O-O Bd6 9. Ne4 Be7 10. a3 O-O 11. Ng3 Bxf3 12. Bxf3 Nd4 13. Ne4 f5 14. Nc3 Nxc3 15. bxc3 Nxf3+ 16. Qxf3 Qd5 17. Qe2 e5 18. c4 Qd6 19. Rb1 b6 20. Bb2 Bf6 21. Qf3 Qd7 22. Rfe1 Rae8 23. Qb7 a5 24. Qd5+ Qxd5 25.
cxd5 Rd8 26. c4 Rfe8 27. f3 Kf7 28. a4 Rd7 29. Re2 g5 30. Rbe1 Rde7 31. Ba3 Rd7 32. Bb2 Rde7 33. g4 fxg4 34. hxg4 Kg6 35. Kf2 h5 36.
gxh5+ Kxh5 37. Rh1+ Kg6 38. Ke3 g4 39. fxg4 e4 40. Bxf6 exd3+ 41. Bxe7 dxe2 42. Kxe2 Rxe7+ 43. Kf3 Rf7+ 44. Kg3 Re7 45. Rf1 Re4 46. Rf4 Re3+ 47. Kh4 Ra3 48. Re4 Rxa4 49. Re6+ Kg7 50. Rc6 Ra1 51.
Kg5 a4 52. Rxc7+ Kf8 53. d6 a3 54. Ra7 Ke8 55. Kg6 a2 56. g5 Rc1 57. Rxa2 Rxc4 58.
Rd2 Rc6 59. Kf5 Kd7 60. g6 Rc8 61.
g7 b5 62. Kg6 b4 63. Kf7 b3 64.
g8=Q Rxg8 65. Kxg8 b2 66. Rxb2 Kxd6 67. Re2 Kc5 68. Kf7 Kd4 69. Kf6 Kd3 70. Re5 Kd4 71. Kf5 Kd3 72. Re4 Kc3 73. Kf4 Kd3 74. Kf3 Kc3 75.
Ke3 Kc2 76. Rd4 Kc3 77. Ke4 Kb2 78. Rd3 Kc2 79. Kd4 Kc1 80. Kc3 Kb1 81. Rd2 Kc1 82. Rd4 Kb1 83. Rd2 Kc1 84. Rg2 Kb1 85. Rf2 Ka1 86. Kb3 1-0

[Event "*** Titled Tuesday Blitz"]
[Site "Chess.com"]
[Date "2020.10.27"]
[Round "8"]
[White "Rital44"]
[Black "HanSchut"]
[Result "1-0"]
[WhiteElo "2465"]
[BlackElo "2214"]
[TimeControl "180+1"]
[EndTime "11:22:36 PDT"]
[Termination "Rital44 won by resignation"]

1. e4 c5 2. Nf3 d6 3. d4 cxd4 4. Nxd4 Nf6 5. Nc3 a6 6. Be3 e5 7.
Nb3 Be6 8. h3 Nbd7 9. g4 Be7 10.
g5 Nh5 11. Qxh5 1-0

[Event "*** Titled Tuesday Blitz"]
[Site "Chess.com"]
[Date "2020.10.27"]
[Round "8"]
[White "barbara25"]
[Black "TheChessChannel"]
[Result "0-1"]
[WhiteElo "2271"]
[BlackElo "2441"]
[TimeControl "180+1"]
[EndTime "11:23:03 PDT"]
[Termination "TheChessChannel won by resignation"]

1. e4 e6 2. d4 d5 3. Bd3 Nf6 4. e5 Nfd7 5. c3 c5 6. Ne2 Nc6 7. O-O Qb6 8. a3 cxd4 9. cxd4 Nxd4 10. Be3 Nxe2+ 11. Qxe2 d4 12. Bd2 Qxb2 0-1